 Dungeon Crawl Stone Soup version 0.27-a0-1090-gb115f176c6 (webtiles) character file.

Game seed: 18416065150517598341

121 voltaire321 the Poker (level 5, -1/41 HPs)
             Began as a Merfolk Gladiator on Apr 28, 2021.
             Slain by an orc wizard
             ... wielding a +0 dagger
              (3 damage)
             ... on level 3 of the Dungeon.
             The game lasted 00:07:35 (3257 turns).

voltaire321 the Poker (Merfolk Gladiator)           Turns: 3257, Time: 00:07:35

Health: -1/41      AC:  7    Str: 14    XL:     5   Next: 5%
Magic:  5/5        EV: 12    Int:  8    God:
Gold:   82         SH:  0    Dex: 16    Spells: 4/4 levels left

rFire    . . .     SeeInvis .   a - +0 trident
rCold    . . .     Faith    .   (no shield)
rNeg     . . .     Spirit   .   e - +0 ring mail
rPois    .         Reflect  .   k - +1 helmet
rElec    .         Harm     .   (no cloak)
rCorr    .         Rampage  .   (no gloves)
Will     .....                  (no boots)
Stlth    +.........             (no amulet)
HPRegen  0.13/turn              (no ring)
MPRegen  0.09/turn              (no ring)

@: very slightly contaminated, invisible
A: (nimble swimmer 2), mertail
a: no special abilities


You were on level 3 of the Dungeon.
You visited 1 branch of the dungeon, and saw 3 of its levels.

You collected 82 gold pieces.

Inventory:

Hand Weapons
 a - a +0 trident (weapon)
 g - a +0 scythe of venom
Missiles
 d - 3 throwing nets (quivered)
Armour
 e - a +0 ring mail (worn)
 k - a +1 helmet (worn)
Wands
 j - a wand of iceblast (6)
Scrolls
 b - 2 scrolls of identify {unknown}
 c - a scroll of noise {unknown}
 f - a scroll of teleportation {unknown}
 h - a scroll of immolation {unknown}
 n - a scroll of enchant weapon {unknown}
Potions
 l - a potion of cancellation
 m - a potion of brilliance {unknown}


   Skills:
 + Level 3.2 Fighting
 + Level 5.4 Polearms
 + Level 2.9 Throwing
 + Level 0.8 Armour
 + Level 4.9 Dodging


You had 4 spell levels left.
You didn't know any spells.
Your spell library contained the following spells:

 Spells                   Type           Power      Damage    Failure   Level
 Animate Skeleton         Necr           0%         N/A       65%         1
 Magic Dart               Conj           0%         1d3       65%         1
 Pain                     Necr           0%         1d4       65%         1
 Blink                    Tloc           N/A        N/A       80%         2
 Call Imp                 Summ           0%         N/A       80%         2
 Slow                     Hex            0%         N/A       80%         2
 Conjure Flame            Conj/Fire      0%         6-21      95%         3
 Mephitic Cloud           Conj/Pois/Air  0%         N/A       95%         3
 Vampiric Draining        Necr           0%         2d6       95%         3
 Animate Dead             Necr           0%         N/A       100%        4
 Agony                    Necr           0%         N/A       100%        5


Dungeon Overview and Level Annotations

Branches:
Dungeon (3/15)

Altars:
Zin


Innate Abilities, Weirdness & Mutations

((You are quick and stealthy near water. (Stealth+, EV+, Speed+++)))
Your lower body shifts to a powerful aquatic tail in water.


Message History

You miss something. Something hits you but does no damage.
You hit something but do no damage.
You hear some strange, mumbled words.
You are confused.
It was a potion of cancellation.
Your magical effects are unravelling.
You feel magically purged.
You feel less confused. Something hits you.
* * * LOW HITPOINT WARNING * * *
You miss something. Something hits you.
* * * LOW HITPOINT WARNING * * *
You miss something.
You hear some strange, mumbled words.
A puff of flame appears from out of thin air!
The puff of flame hits you.
* * * LOW HITPOINT WARNING * * *
You hit something. Something hits you but does no damage.
You miss something. Something hits you.
* * * LOW HITPOINT WARNING * * *
It was a potion of invisibility.
You fade into invisibility!
Something hits you.
* * * LOW HITPOINT WARNING * * *
You are very lightly contaminated with residual magic.
You closely miss something.
You hear some strange, mumbled words.
A magic dart appears from out of thin air!
The magic dart hits you but does no damage.
Your ring mail prevents you from hitting something.
An orc wizard appears from thin air!
Reactivating autopickup.
The orc wizard closely misses you.
You barely miss the orc wizard.
The orc wizard is almost dead.
The orc wizard misses you.
Your ring mail prevents you from hitting the orc wizard.
The orc wizard is almost dead.
The orc wizard hits you with a +0 dagger.
You die...

#.......#########.#########
####.#### #.# #.. #(# #.#
#.# #.# #+# #.# ##.######
... #.# #.......# .... #.#
#..##.#.# ..... #..
#..#....###...... ##.
#.......@oo.....> ...
#.......###...... ##.
#.##..#.# ..... ## #.
#.##.# .... # #. #.##.# ...
.. ..# +# ##. ###


You could see an orc wizard and an orc.

Vanquished Creatures
  Robin (D:2)
  An adder (D:2)
  A worm (D:2)
  3 dart slugs
  An orc (D:3)
  3 ball pythons
  4 bats
  15 endoplasms
  2 giant cockroaches
  10 goblins
  7 hobgoblins
  7 jackals
  4 quokkas
  3 frilled lizards
  10 kobolds
  7 rats
79 creatures vanquished.

Notes
Turn   | Place    | Note
-------+----------+-------------------------------------------
     0 | D:1      | voltaire321 the Merfolk Gladiator began the quest for the
                  | Orb.
     0 | D:1      | Reached XP level 1. HP: 16/16 MP: 1/1
   315 | D:1      | Reached XP level 2. HP: 23/23 MP: 2/2
   656 | D:1      | Reached XP level 3. HP: 28/28 MP: 3/3
  1103 | D:1      | Reached skill level 5 in Polearms
  1601 | D:2      | Reached XP level 4. HP: 30/34 MP: 4/4
  1782 | D:2      | Noticed Robin
  2377 | D:2      | Killed Robin
  2953 | D:3      | Found a glowing silver altar of Zin.
  2985 | D:3      | Reached XP level 5. HP: 39/41 MP: 5/5
  3253 | D:3      | HP: 1/41 [something (2)]
  3257 | D:3      | Slain by an orc wizard

Illustrated notes

Levels and vault maps discovered:
D:1:      scummos_arrival_hexagon, layout_basic, chequers_serial_rivers_room_b,
          hex_medium
D:2:      layout_loops_corners, st_stairs_8, minmay_vboxes, uniq_robin
D:3:      minmay_chambers_of_threes, layout_loops_corners, lemuel_doored_altar,
          lemuel_tele_altar, minmay_fractal_squares_5

Skill      XL: |  1  2  3  4 |
---------------+-------------+-----
Polearms       | 5 |  5.4
Fighting       | 3 |  3.2
Throwing       | |  2.9
Armour         | |  0.8
Dodging        | |  4.9

Action                   |  1- 3 |  4- 6 || total
-------------------------+-------+-------++-------
Melee: Trident           |    31 |   124 ||   155
       Scythe            |    77 |    34 ||   111
  Use: Potion            |       |     2 ||     2
Armor: Ring mail         |    33 |    62 ||    95
       Leather armour    |     1 |       ||     1
Dodge: Dodged            |    80 |    86 ||   166

Table legend: (Time is in decaauts)
 A = Elapsed time spent in this place.
 B = Non-inter-level travel time spent in this place.
 C = Inter-level travel time spent in this place.
 D = Time resting spent in this place.
 E = Time spent auto-exploring this place.
 F = Levels seen in this place.
 G = Mean time per level.
                   A        B        C        D        E       F      G
               +--------+--------+--------+--------+--------+-----+--------+
         Total |   3347 |   3324 |     23 |    542 |   2091 |   3 | 1115.7 |
       Dungeon |   3347 |   3324 |     23 |    542 |   2091 |   3 | 1115.7 |
               +--------+--------+--------+--------+--------+-----+--------+

Top non-repeatable levels by time:
     D:1: 1652 daAuts
     D:2: 1187 daAuts
     D:3: 508 daAuts
